 Dungeon Crawl Stone Soup version 0.28-b1-25-g9875b3fc8c (webtiles) character file.

Game seed: 4955550371772436022

1579 inmateoo the Cleaver (level 8, -1/70 HPs)
             Began as a Hill Orc Monk on Feb 5, 2022.
             Was a Believer of Beogh.
             Slain by a killer bee (5 damage)
             ... on level 7 of the Dungeon.
             The game lasted 00:07:38 (6940 turns).

inmateoo the Cleaver (Hill Orc Monk)                Turns: 6940, Time: 00:07:39

Health: -1/70      AC: 10    Str: 16    XL:     8   Next: 91%
Magic:  8/8        EV: 12    Int: 10    God:    Beogh [**....]
Gold:   297        SH:  7    Dex: 13    Spells: 7/7 levels left

rFire   . . .      SeeInvis .   l - +2 broad axe (vamp)
rCold   . . .      Faith    .   j - +2 buckler
rNeg    . . .      Spirit   .   v - +0 troll leather armour
rPois   .          Reflect  .   c - +1 helmet
rElec   .          Harm     .   (no cloak)
rCorr   .          Rampage  .   (no gloves)
Will    .....                   k - +2 pair of boots
Stlth   ++........              (no amulet)
HPRegen 1.01/turn               (no ring)
MPRegen 0.11/turn               (no ring)

@: lethally poisoned (-1 -> -4)
A: no striking features
a: Renounce Religion, Smiting


You were on level 7 of the Dungeon.
You worshipped Beogh.
Beogh was pleased with you.
You visited 1 branch of the dungeon, and saw 7 of its levels.

You collected 297 gold pieces.

Inventory:

Hand Weapons
 l - a +2 vampiric broad axe (weapon)
 r - a +1 trident of venom
Armour
 c - a +1 helmet (worn)
 j - a +2 buckler (worn)
 k - a +2 pair of boots (worn)
 m - a +0 chain mail
 v - a +0 troll leather armour (worn)
Wands
 p - a wand of flame (15)
 s - a wand of acid (8)
 t - a wand of paralysis (6)
 u - a wand of mindburst (2)
Scrolls
 a - 3 scrolls of identify
 i - a scroll of magic mapping
 o - a scroll of teleportation
 w - a scroll of noise {unknown}
Potions
 b - 4 potions of flight
 d - a potion of mutation
 e - 2 potions of haste
 f - a potion of berserk rage
 g - a potion of invisibility
 h - a potion of cancellation
 n - a potion of attraction {unknown}
 q - a potion of curing {unknown}
 z - a potion of might


   Skills:
 + Level 6.1 Fighting
 * Level 8.7 Axes
 + Level 4.2 Armour
 + Level 4.1 Dodging
 + Level 4.0 Stealth
 + Level 3.9 Shields


You had 7 spell levels left.
You didn't know any spells.
Your spell library contained the following spells:

 Spells                   Type           Power      Damage    Failure   Level
 Animate Skeleton         Necr           0%         N/A       52%         1
 Apportation              Tloc           0%         N/A       52%         1
 Slow                     Hex            0%         N/A       52%         1
 Sting                    Tmut/Pois      0%         1d3       52%         1
 Summon Small Mammal      Summ           0%         N/A       52%         1
 Confusing Touch          Hex            0%         N/A       87%         3
 Ignite Poison            Fire/Tmut/Pois 0%         N/A       87%         3
 Mephitic Cloud           Conj/Pois/Air  0%         N/A       87%         3
 Ozocubu's Armour         Ice            0%         N/A       87%         3
 Vampiric Draining        Necr           0%         2d6       87%         3
 Freezing Cloud           Conj/Ice/Air   0%         6-21      100%        5
 Irradiate                Conj/Tmut      0%         3d14      100%        5
 Eringya's Noxious Bog    Tmut/Pois      0%         N/A       100%        6
 Dragon Form              Tmut           0%         N/A       100%        7
 Ozocubu's Refrigeration  Ice            0%         4d5       100%        7


Dungeon Overview and Level Annotations

Branches:
Dungeon (7/15)             Temple (0/1) D:4

Altars:
Ashenzari
Cheibriados
Okawaru
Sif Muna
Trog
Zin

Annotations:
D:2 Sigmund


Message History

You slash the killer bee!
You feel better.
You kill the killer bee!
Beogh accepts your kill.
You barely miss the killer bee. You miss the killer bee.
You feel very sick. The killer bee stings you. The killer bee stings you!
The killer bee stings you. The killer bee closely misses you. x2
Your Stealth skill increases to level 4!
You feel very sick. The killer bee stings you.
The killer bee closely misses you.
You see here a killer bee corpse.
You are too injured to fight recklessly!
You are too injured to fight recklessly!
You feel very sick. The killer bee closely misses you.
The killer bee stings you but does no damage.
The killer bee closely misses you.
You barely miss the killer bee.
The killer bee is heavily wounded.
You miss the killer bee.
You feel sick. You block the killer bee's attack. The killer bee stings you.
* * * LOW HITPOINT WARNING * * *
You block the killer bee's attack. The killer bee stings you.
* * * LOW HITPOINT WARNING * * *
The killer bee closely misses you.
You closely miss the killer bee.
The killer bee is heavily wounded.
You slash the killer bee!
You feel sick. The killer bee stings you.
* * * LOW HITPOINT WARNING * * *
The killer bee stings you.
* * * LOW HITPOINT WARNING * * *
You are more poisoned.
The killer bee poisons you! The killer bee closely misses you.
You block the killer bee's attack.
It was a potion of cancellation.
You feel magically purged.
You feel very sick. The killer bee stings you.
* * * LOW HITPOINT WARNING * * *
The killer bee stings you.
You die...

# #..##......... .# #
#.####...##... .#
###.##......#.#.#.# .#
....##....#.......# ##.#
.#####....# #.....##...#
..###.....# #.........#
..........# #...#..#
..........# #.yy†..##
..##..###.# #.#@....##
..#...##..# ##.#......#
.>..#.##.## #.....##.....
....#....# #.....###.##.
....###..# ##.......#..#
..).###..###.†.......#..#
........###...........#.#
......#..##...........#
......................#


You could see 2 killer bees.

Vanquished Creatures
  A troll (D:5)
  A black bear (D:5)
  An ice beast (D:7)
  A sky beast (D:6)
  An ogre (D:6)
  A phantom (D:7)
  A centaur (D:6)
  A kobold brigand (D:6)
  A wyvern zombie (D:6)
  A bullfrog (D:6)
  3 killer bees (D:7)
  A water moccasin skeleton (D:5)
  A howler monkey (D:6)
  A bullfrog zombie (D:7)
  A centaur zombie (D:6)
  3 hounds
  A bullfrog skeleton (D:6)
  An iguana (D:4)
  3 orc wizards
  A hound zombie (D:5)
  A howler monkey zombie (D:7)
  A howler monkey skeleton (D:5)
  3 adders
  4 gnolls
  A shadow imp (D:6)
  2 ufetubi
  A worm (D:2)
  5 orcs
  2 ball pythons
  6 endoplasms
  A giant cockroach (D:3)
  5 goblins
  9 hobgoblins
  4 quokkas
  6 bats
  A frilled lizard (D:1)
  6 kobolds
  4 rats (D:1)
  A spectral hobgoblin (D:1)
89 creatures vanquished.

Vanquished Creatures (others)
  An orc priest (D:2)
  2 orcs (D:2)
  A ball python (D:2)
  A goblin (D:2)
5 creatures vanquished.

Grand Total: 94 creatures vanquished

Notes
Turn   | Place    | Note
-------+----------+-------------------------------------------
     0 | D:1      | inmateoo the Hill Orc Monk began the quest for the Orb.
     0 | D:1      | Reached XP level 1. HP: 19/19 MP: 1/1
   425 | D:1      | Found a faded altar of an unknown god.
   443 | D:1      | Reached XP level 2. HP: 19/27 MP: 2/2
   653 | D:2      | Identified the +0 leather armour of Tylynt {Harm}
   814 | D:2      | Noticed Sigmund
  1304 | D:1      | Reached skill level 1 in Armour
  1608 | D:1      | Reached XP level 3. HP: 15/33 MP: 3/3
  2492 | D:2      | Became a worshipper of Beogh the Brigand
  2492 | D:2      | Reached * piety under Beogh
  2492 | D:2      | Reached ** piety under Beogh
  3490 | D:4      | Found a staircase to the Ecumenical Temple.
  3503 | D:4      | Reached XP level 4. HP: 39/40 MP: 4/4
  3523 | D:4      | Reached skill level 5 in Axes
  3625 | D:4      | Reached skill level 1 in Shields
  3625 | D:4      | Reached XP level 5. HP: 12/43 MP: 5/5
  3878 | D:4      | Got the Catalogue of Transformation
  4672 | D:5      | Entered Level 5 of the Dungeon
  4686 | D:5      | Found a bloodstained altar of Trog.
  4686 | D:5      | Found a snail-covered altar of Cheibriados.
  4775 | D:5      | Reached XP level 6. HP: 39/53 MP: 6/6
  4861 | D:5      | Found an iron altar of Okawaru.
  5132 | D:5      | Reached skill level 6 in Axes
  5208 | D:5      | Noticed a troll
  5487 | D:5      | Killed a troll
  5488 | D:5      | Reached skill level 5 in Fighting
  5488 | D:5      | Reached XP level 7. HP: 18/61 MP: 7/7
  5783 | D:5      | Found a broken altar of Ashenzari.
  5811 | D:5      | Reached skill level 7 in Axes
  5921 | D:5      | Found a shimmering blue altar of Sif Muna.
  6111 | D:6      | Reached XP level 8. HP: 69/69 MP: 8/8
  6381 | D:6      | Identified a scroll of acquirement
  6381 | D:6      | Acquired a +2 vampiric broad axe
  6457 | D:6      | Reached skill level 8 in Axes
  6745 | D:6      | Found a glowing silver altar of Zin.
  6940 | D:7      | Slain by a killer bee

Illustrated notes

Levels and vault maps discovered:
D:1:      minmay_arrival_four_houses, layout_basic,
          dreamdust_ecumenical_altar_drowned_temple, hex_intersection,
          minmay_misc_feat_plants
D:2:      wad_pebble_path, layout_rooms, uniq_sigmund
D:3:      layout_basic
D:4:      layout_basic, minmay_temple_entry_statues_fountains
D:5:      layout_loops_cross, mainiacjoe_overflow_24_doors, okawaru_trees_1,
          gammafunk_temple_overflow_pools, tgw_sif, minivault_27
D:6:      layout_loops_ring, lemuel_tele_altar
D:7:      layout_rooms, uniq_joseph

Skill      XL: |  1  2  3  4  5  6  7  8 |
---------------+-------------------------+-----
Armour         | 1 2 3 4 |  4.2
Fighting       | 4 5 6 |  6.1
Stealth        | 2 3 4 |  4.0
Axes           | 5 6 7 8 |  8.7
Shields        | 1 2 3 |  3.9
Dodging        | 3 4 |  4.1

Action                   |  1- 3 |  4- 6 |  7- 9 || total
-------------------------+-------+-------+-------++-------
Melee: Hand axe          |   152 |   138 |    78 ||   368
       Broad axe         |       |       |    66 ||    66
Invok: Convert to Beogh  |     1 |       |       ||     1
Evoke: Wand              |       |    11 |     8 ||    19
  Use: Scroll            |     8 |       |     7 ||    15
       Potion            |       |       |     1 ||     1
 Stab: Sleeping          |     1 |       |     3 ||     4
       Paralysed         |       |     8 |       ||     8
Armor: Robe              |    19 |       |       ||    19
       Ring mail         |    35 |       |       ||    35
       Chain mail        |    13 |    67 |       ||    80
       Troll leather arm |       |       |    62 ||    62
Dodge: Dodged            |   131 |    37 |   131 ||   299
Block: Buckler           |    16 |    42 |    67 ||   125
